 Dungeon Crawl Stone Soup version 0.18-a0-1196-g09327cf (console) character file.

9342 FoCheiMinh the Tainter (level 11, -9/83 HPs)
             Began as a Formicid Venom Mage on Jan 29, 2016.
             Was the Champion of Cheibriados.
             Mangled by a polar bear (12 damage)
             ... on level 1 of the Lair of Beasts on Jan 30, 2016.
             The game lasted 01:11:30 (15445 turns).

FoCheiMinh the Tainter (Formicid Venom Mage)       Turns: 15445, Time: 01:11:30

Health: -9/83      AC:  8    Str: 28    XL:     11   Next: 72%
Magic:  12/23      EV: 19    Int: 33    God:    Cheibriados [******]
Gold:   305        SH:  0    Dex: 26    Spells: 6 memorised, 8 levels left

rFire  . . .     SeeInvis +     a - +1 battleaxe (flame)
rCold  + . .     Gourm    .     Q - +1 leather armour {rC+}
rNeg   . . .     Faith    .     (no shield)
rPois  .         Spirit   .     (helmet unavailable)
rElec  .         Dismiss  +     H - +1 cloak {MR+}
rCorr  .         Reflect  .     u - +0 pair of gloves
SustAt +         Harm     .     (no boots)
MR     +++..                    l - amulet of dismissal
Stlth  ++++......               g - ring of protection from magic
                                w - ring of sustain attributes

@: very slow, extremely resistant to hostile enchantments, stealthy
A: permanent stasis, dig shafts and tunnels, four strong arms, antennae 3
a: Dig, Shaft Self, Bend Time, Temporal Distortion, Slouch, Step From Time,
Renounce Religion


You were on level 1 of the Lair of Beasts.
You worshipped Cheibriados.
Cheibriados was exalted by your worship.
You were not hungry.

You visited 3 branches of the dungeon, and saw 12 of its levels.

You collected 443 gold pieces.
You spent 138 gold pieces at shops.

Inventory:

Hand Weapons
 a - a +1 battleaxe of flaming (weapon)
 b - a +2 war axe of freezing
 s - a +3 spear of freezing
Missiles
 e - 292 stones (quivered)
 D - 3 javelins
Armour
 u - a +0 pair of gloves (worn)
 H - a +1 cloak of magic resistance (worn)
 Q - a +1 leather armour of cold resistance (worn)
Jewellery
 g - a ring of protection from magic (right hand)
 l - an amulet of dismissal (around neck)
 w - a ring of sustain attributes (left hand)
Wands
 h - a wand of teleportation (5/9)
 j - a wand of fireball (8/15)
 r - a wand of fireball (7/15)
 y - a wand of heal wounds (5/9)
 O - a wand of fireball (10/15)
 S - a wand of lightning (6/15)
Scrolls
 i - 3 scrolls of magic mapping {unknown}
 k - a scroll of remove curse
 B - 2 scrolls of immolation
 C - 4 scrolls of identify
 L - a scroll of fear
 V - 2 scrolls of fog
Potions
 t - a potion of flight {unknown}
 x - a potion of ambrosia {unknown}
 I - 2 potions of haste {unknown}
 K - 3 potions of cancellation {unknown}
 M - a potion of resistance
 P - 3 potions of heal wounds
 R - a potion of brilliance {unknown}
 W - 2 potions of curing {unknown}
Books
 m - a book of Alchemy

   Spells                             Type                      Level
   a - Sublimation of Blood           Necromancy                   2
   b - Ignite Poison                  Fire/Transmutation/Poison    3
   c - Condensation Shield            Ice                          4
   d - Petrify                        Transmutation/Earth          4
   e - Alistair's Intoxication        Transmutation/Poison         5
   f - Irradiate                      Conjuration/Transmutation    5
 v - a book of Spatial Translocations

   Spells                             Type                      Level
   a - Apportation                    Translocation                1
   b - Blink                          Translocation                2
   c - Shroud of Golubria             Charms/Translocation         2
   d - Portal Projectile              Translocation                3
   e - Teleport Other                 Translocation                3
   f - Passage of Golubria            Translocation                4
 N - a Young Poisoner's Handbook

   Spells                             Type                      Level
   a - Sting                          Conjuration/Poison           1
   b - Cure Poison                    Poison                       2
   c - Mephitic Cloud                 Conjuration/Poison/Air       3
   d - Olgreb's Toxic Radiance        Poison                       4
   e - Venom Bolt                     Conjuration/Poison           5
Comestibles
 c - 7 bread rations
 d - 2 meat rations
 p - 9 slices of pizza


   Skills:
 * Level 6.9 Fighting
 * Level 4.9 Axes
 * Level 4.6 Armour
 * Level 7.0 Dodging
 + Level 5.1 Stealth
 - Level 0.2 Unarmed Combat
 - Level 8.1 Spellcasting
 - Level 4.5 Conjurations
 * Level 2.7 Translocations
 - Level 9.8 Poison Magic
 * Level 5.0 Invocations


You had 8 spell levels left.
You knew the following spells:

 Your Spells              Type           Power        Failure   Level  Hunger
a - Sting                 Conj/Pois      ####         1%          1    None
c - Mephitic Cloud        Conj/Pois/Air  #####...     1%          3    None
d - Venom Bolt            Conj/Pois      ######....   8%          5    ####...
p - Passage of Golubria   Tloc           N/A          14%         4    None
t - Teleport Other        Tloc           ####....     4%          3    None
P - Cure Poison           Pois           ######....   1%          2    None


Dungeon Overview and Level Annotations

Branches:
Dungeon (10/15)            Temple (1/1) D:5            Lair (1/8) D:8
    Orc: D:9-12

Altars:
Ashenzari
Cheibriados
Dithmenos
Elyvilon
Fedhas
Gozag
Kikubaaqudgha
Makhleb
Nemelex Xobeh
Okawaru
Pakellas
Qazlal
Ru
Xom
Yredelemnul
Zin
The Shining One

Shops:
D:4 [

Annotations:
D:5 Menkaure


Innate Abilities, Weirdness & Mutations

You are under a permanent stasis effect.
You can dig through walls and to a lower floor.
Your four strong arms can wield two-handed weapons with a shield.
You have a pair of large antennae on your head (SInv).


Message History

Cheibriados thoroughly appreciates the change of pace.
Your Invocations skill increases to level 5!
You barely miss the polar bear.
The polar bear is moderately wounded.
The polar bear bites you!
* * * LOW HITPOINT WARNING * * *
The polar bear closely misses you.
The polar bear claws you but does no damage.
The polar bear closely misses you. x2
The polar bear claws you but does no damage.
The black bear bites itself.
The black bear claws itself.
The black bear is killed!
Cheibriados thoroughly appreciates the change of pace.
You hit the polar bear but do no damage.
The polar bear is moderately wounded.
You slash the polar bear! You burn the polar bear.
The polar bear is heavily wounded.
The polar bear completely misses you. x2; The polar bear barely misses you.
The polar bear bites you!
You die...

...# #...#.........#
...#hh {#...#........#
...#.. { #...........##
...#..## #..#.†.......#
...#...###.. #........#
...# ...... ##........#
...###..## #.h.......##
.....#.######...h†.....#
............##.#@##+#.##
...............#....# .#
...............#....# #
..............)#....#
................#...#
.(##.+##.####........
..#..........$........
..#.........#.........#
..#.........#.##..##


You could see 2 polar bears.

Vanquished Creatures
  A hydra (Lair:1)
  The ghost of comborobin the Conjurer, a novice CeCj of Zin (D:8)
  Joseph (D:7)
  A spiny frog (Lair:1)
  2 polar bears (Lair:1)
  Grinder (D:3)
  The ghost of ErgoProxy the Cleaver, an amateur MiFi of Pakellas (D:4)
  Sigmund (D:4)
  A wraith (D:10)
  A basilisk (Lair:1)
  A wyvern (D:8)
  2 hippogriffs
  A human (D:7)
  Grum (D:8)
  3 wolves (D:8)
  3 water moccasins (Lair:1)
  3 ice beasts
  3 sky beasts
  2 orc warriors
  7 black bears
  4 ogres
  2 centaurs
  2 phantoms
  10 giant frogs
  A wyvern zombie (D:8)
  5 wights (D:7)
  2 vampire bats (D:6)
  2 crimson imps (D:5)
  4 giant frog zombies
  6 hounds
  2 jellies
  13 orc wizards
  5 orc priests
  3 giant frog skeletons
  5 iguanas
  Natasha (thrice) (D:3)
  10 worker ants
  2 killer bee zombies
  4 sheep (D:7)
  2 hound zombies (D:5)
  6 gnolls
  10 adders
  2 river rats (D:5)
  2 shadow imps (D:6)
  2 adder skeletons
  4 worms
  5 giant geckos
  44 orcs
  13 bats
  3 bat skeletons (D:6)
  4 bat zombies (D:6)
  9 giant cockroaches
  15 goblins
  6 hobgoblins
  17 jackals
  5 quokkas
  3 ball pythons
  A ball python skeleton (D:4)
  A giant cockroach zombie (D:6)
  2 giant gecko skeletons
  7 giant newts
  20 kobolds
  A quokka skeleton (D:8)
  A quokka zombie (D:5)
  6 rats
313 creatures vanquished.

Vanquished Creatures (others)
  A fungus (Lair:1)
  A plant (D:4)
2 creatures vanquished.

Grand Total: 315 creatures vanquished

Notes
Turn   | Place    | Note
--------------------------------------------------------------
     0 | D:1      | FoCheiMinh the Formicid Venom Mage began the quest for the Orb.
     0 | D:1      | Reached XP level 1. HP: 13/13 MP: 3/3
   408 | D:1      | Reached XP level 2. HP: 5/19 MP: 0/5
  1259 | D:1      | Reached XP level 3. HP: 24/24 MP: 2/6
  1318 | D:1      | Reached skill level 6 in Poison Magic
  1629 | D:1      | Learned a level 3 spell: Mephitic Cloud
  1733 | D:2      | Found an oddly glowing altar of Pakellas.
  2216 | D:2      | Reached XP level 4. HP: 30/30 MP: 4/7
  2961 | D:3      | Found a basalt altar of Yredelemnul.
  3091 | D:3      | Reached skill level 1 in Conjurations
  3091 | D:3      | Reached XP level 5. HP: 5/35 MP: 0/9
  3611 | D:3      | Learned a level 2 spell: Cure Poison
  4277 | D:3      | Noticed Natasha
  4282 | D:3      | Killed Natasha
  4282 | D:3      | Reached skill level 7 in Poison Magic
  4316 | D:3      | Noticed Grinder
  4679 | D:4      | Reached XP level 6. HP: 28/41 MP: 3/11
  4682 | D:4      | Noticed ErgoProxy's ghost (amateur MiFi)
  4691 | D:5      | Entered Level 5 of the Dungeon
  4917 | D:5      | Noticed an ogre
  4934 | D:5      | Killed an ogre
  4978 | D:5      | Noticed a sky beast
  5029 | D:5      | Noticed a phantom
  5061 | D:4      | Reached XP level 7. HP: 3/46 MP: 9/13
  5351 | D:4      | Found a shattered altar of Ashenzari.
  5693 | D:4      | Noticed Sigmund
  6165 | D:4      | Reached skill level 8 in Poison Magic
  6210 | D:4      | Found Iwkirpheu's Armour Boutique.
  6217 | D:4      | Bought a +0 cloak of magic resistance for 138 gold pieces
  6253 | D:4      | Reached skill level 1 in Fighting
  6310 | D:5      | Reached skill level 5 in Spellcasting
  6405 | D:5      | Found a staircase to the Ecumenical Temple.
  6424 | Temple   | Entered the Ecumenical Temple
  6511 | Temple   | Became a worshipper of Cheibriados the Contemplative
  6526 | Temple   | Learned a level 5 spell: Venom Bolt
  7098 | D:5      | Reached XP level 8. HP: 56/56 MP: 11/16
  7292 | D:5      | Noticed Menkaure
  7537 | D:4      | Reached * piety under Cheibriados
  7826 | D:4      | Killed Sigmund
  8259 | D:6      | Reached ** piety under Cheibriados
  8305 | D:6      | Noticed an angel
  8306 | D:6      | Found a shimmering altar of Xom.
  8306 | D:6      | Found a glowing silver altar of Zin.
  8472 | D:6      | Reached XP level 9. HP: 64/64 MP: 13/18
  8515 | D:6      | Reached skill level 9 in Poison Magic
  8732 | D:6      | You fall through a shaft for 2 floors!
  8735 | D:8      | Reached *** piety under Cheibriados
  9260 | D:8      | Learned a level 3 spell: Teleport Other
  9650 | D:6      | Found a sparkling altar of Nemelex Xobeh.
  9685 | D:6      | Reached **** piety under Cheibriados
  9763 | D:6      | Found a blossoming altar of Fedhas.
  9825 | D:6      | Found a glowing golden altar of the Shining One.
 10047 | D:6      | Reached skill level 1 in Armour
 10131 | D:6      | Found an ancient bone altar of Kikubaaqudgha.
 10394 | D:7      | Reached skill level 5 in Dodging
 10403 | D:7      | Reached skill level 1 in Invocations
 10507 | D:7      | Noticed Joseph
 10647 | D:7      | Reached XP level 10. HP: 58/73 MP: 21/21
 11006 | D:7      | Reached skill level 1 in Axes
 11013 | D:7      | Reached ***** piety under Cheibriados
 11023 | D:7      | Reached skill level 5 in Fighting
 11630 | D:7      | Killed Joseph
 12129 | D:4      | Found a shattered altar of Ashenzari.
 12230 | D:4      | Found Iwkirpheu's Armour Boutique.
 12391 | D:4      | Killed ErgoProxy's ghost
 12705 | D:3      | Noticed Natasha
 12706 | D:3      | Killed Natasha
 12741 | D:3      | Found a basalt altar of Yredelemnul.
 12789 | D:3      | Noticed Natasha
 12792 | D:3      | Killed Natasha
 12805 | D:3      | Killed Grinder
 13251 | D:8      | Found a stormy altar of Qazlal.
 13305 | D:8      | Found a white marble altar of Elyvilon.
 13491 | D:8      | Noticed Grum
 13504 | D:8      | Reached skill level 1 in Translocations
 13507 | D:8      | Reached skill level 5 in Stealth
 13532 | D:8      | Killed Grum
 13532 | D:8      | Reached XP level 11. HP: 53/81 MP: 3/23
 13679 | D:8      | Found a staircase to the Lair.
 13680 | D:8      | Noticed comborobin's ghost (novice CeCj)
 13695 | D:8      | You fall through a shaft for 2 floors!
 13695 | D:10     | Entered Level 10 of the Dungeon
 14329 | D:9      | Reached ****** piety under Cheibriados
 14652 | D:8      | Killed comborobin's ghost
 14851 | Lair:1   | Entered Level 1 of the Lair of Beasts
 15128 | Lair:1   | Noticed a six-headed hydra
 15229 | Lair:1   | Killed a three-headed hydra
 15370 | Lair:1   | Learned a level 4 spell: Passage of Golubria
 15443 | Lair:1   | Reached skill level 5 in Invocations
 15443 | Lair:1   | HP: 2/83 [polar bear (12)]
 15445 | Lair:1   | Mangled by a polar bear

Vault maps used:
D:1:      roderic_crossed_star
D:2:      grunt_pakellas_salt
D:3:      overflow_temple_1_default, corexii_item_surrounded_by_moat,
          uniq_grinder, uniq_natasha
D:4:      corexii_shantytown, evilmike_ruin_ashenzari, first_bread,
          serial_shops, kennysheep_little_box, uniq_sigmund
D:5:      temple_green, portal_sewer_entry_b, kennysheep_generic_room_16,
          uniq_menkaure
D:6:      grunt_temple_overflow_order_and_chaos_1, kennysheep_mini_moat,
          nicolae_overflow_crystal_walls, tso_altar, kennysheep_vampire_church,
          serial_bayou, serial_bayou_pond_e, serial_bayou_pond_d,
          serial_bayou_shore_b, serial_bayou_shore_b, st_stairs_14,
          roderic_bipointed_swastika
D:7:      grunt_livestock, uniq_joseph
D:8:      kennysheep_spiral_hall, grunt_qazlal_sundering, lemuel_doored_altar,
          uniq_grum
D:9:      lemuel_insect_pit, lemuel_round_altar, lemuel_coloured_pillars_altar,
          kennysheep_mini, grunt_ministairs_6, minmay_three_doors,
          uniq_prince_ribbit1
D:10:     bh_hangedman_babel_library
Temple:   circular_temple_6
Lair:1:   beast_lair_carwin_large_3, grunt_megastairs_3

Action                   |  1- 3 |  4- 6 |  7- 9 | 10-12 || total
-------------------------+-------+-------+-------+-------++-------
Melee: Unarmed           |    22 |       |       |       ||    22
       Dagger            |    13 |    58 |   229 |     5 ||   305
       Whip              |       |       |    13 |       ||    13
       Battleaxe         |       |       |     3 |   239 ||   242
       War axe           |       |       |       |     1 ||     1
Throw: Stone             |       |       |     1 |     2 ||     3
 Cast: Sting             |    93 |   121 |   340 |   186 ||   740
       Cure Poison       |       |     1 |     4 |     5 ||    10
       Mephitic Cloud    |       |       |     4 |    10 ||    14
       Passage of Golubr |       |       |       |     1 ||     1
Invok: Bend Time         |       |       |       |     4 ||     4
       Temporal Distorti |       |       |       |     1 ||     1
 Abil: Shaft Self        |       |       |     1 |     1 ||     2
       Dig               |       |       |       |     3 ||     3
  Use: Scroll            |       |     3 |       |     7 ||    10
       Potion            |       |     3 |       |       ||     3
 Stab: Sleeping          |       |     1 |     1 |     2 ||     4
       Distracted        |       |       |     1 |     1 ||     2
       Confused          |       |       |       |     1 ||     1
  Eat: Chunk             |     5 |     9 |    13 |     9 ||    36
